 Dungeon Crawl Stone Soup version 0.25.1-2-g60ff931df9 (webtiles) character file.

Game seed: 18225639990003563107

9944 DogServant the Grappler (level 11, -27/95 HPs)
             Began as a Black Draconian Transmuter on Nov 12, 2020.
             Was an Elder of Makhleb.
             Annihilated by a large abomination (36 damage)
             ... on level 1 of the Abyss.
             The game lasted 00:24:37 (13369 turns).

DogServant the Grappler (DrTm)                     Turns: 13369, Time: 00:24:37

Health: -27/95     AC: 13    Str: 14    XL:     11   Next: 29%
Magic:  15/17      EV: 16    Int: 15    God:    Makhleb [****..]
Gold:   530        SH:  0    Dex: 12    Spells: 7/18 levels left

rFire    . . .     SeeInvis .     - Unarmed
rCold    . . .     Gourm    .   (shield currently unavailable)
rNeg     . . .     Faith    .   (armour unavailable)
rPois    .         Spirit   .   (helmet restricted)
rElec    +         Reflect  .   (no cloak)
rCorr    .         Harm     .   (gloves currently unavailable)
MR       .....                  f - +1 pair of boots
Stlth    ++........             (no amulet)
HPRegen  0.25/turn              n - ring of stealth
MPRegen  0.15/turn              x - +4 ring of protection

@: blade hands (expiring), studying Unarmed Combat
A: breathe lightning, unfitting armour, electricity resistance, cold-blooded, AC
+7
a: Breathe Lightning, End Transformation, Minor Destruction, Lesser Servant of
Makhleb, Major Destruction, Renounce Religion


You were on level 1 of the Abyss.
You worshipped Makhleb.
Makhleb was greatly pleased with you.
You were not hungry.
You had blades for hands.
You visited 2 branches of the dungeon, and saw 11 of its levels.
You visited the Abyss 1 time.

You collected 530 gold pieces.

Inventory:

Missiles
 a - 150 arrows
 i - 12 boomerangs (quivered)
 p - 2 throwing nets
Armour
 f - a +1 pair of boots (worn)
Jewellery
 j - an uncursed ring of magical power
 k - an uncursed ring of positive energy
 n - a ring of stealth (left scythe-like blade)
 x - a +4 ring of protection (right scythe-like blade)
Wands
 t - a wand of acid (2)
Scrolls
 b - a scroll of teleportation
 d - a scroll of noise
 h - 2 scrolls of amnesia
 r - a scroll of blinking
 s - 3 scrolls of remove curse
 u - a scroll of immolation
 w - a scroll of fog {unknown}
 y - a scroll of magic mapping
 B - a scroll of acquirement {unknown}
 C - a scroll of holy word {unknown}
Potions
 e - 2 potions of lignification
 g - 2 potions of brilliance
 l - a potion of stabbing
 m - 2 potions of magic
 q - 6 potions of curing
 z - a potion of resistance
 A - 2 potions of berserk rage {unknown}
Books
 v - a manual of Unarmed Combat
Comestibles
 c - 11 rations


   Skills:
 + Level 8.8 Fighting
 + Level 7.4 Dodging
 - Level 10.0 Unarmed Combat
 - Level 4.0 Spellcasting
 - Level 9.0 Transmutations
 + Level 6.9 Invocations


You had 7 spell levels left.
You knew the following spells:

 Your Spells              Type           Power        Failure   Level  Hunger
a - Beastly Appendage     Tmut           ####..       11%         1    None
b - Sticks to Snakes      Tmut           ####....     13%         2    ##.....
c - Spider Form           Tmut/Pois      ###.......   43%         3    ###....
d - Blade Hands           Tmut           ####......   50%         5    ######.

Your spell library contained the following spells:

 Spells                   Type           Power        Failure   Level  Hunger
 Ice Form                 Ice/Tmut       ###.....     71%         4    ####...


Dungeon Overview and Level Annotations

Branches:
Dungeon (10/15)            Temple (1/1) D:4            Lair (0/6) D:9
    Orc (0/2) D:10

Altars:
Ashenzari
Cheibriados
Dithmenos
Elyvilon
Fedhas
Gozag
Hepliaklqana
Kikubaaqudgha
Makhleb
Nemelex Xobeh
Okawaru
Qazlal
Ru
Sif Muna
Trog
Uskayaw
Vehumet
Wu Jian
Xom
Yredelemnul
Zin
The Shining One

Shops:
D:6 (   D:10 *

Annotations:
D:9 2 transporters, Quickbrownfox's ghost, novice DsIE


Innate Abilities, Weirdness & Mutations

You can breathe wild blasts of lightning.
Your glossy black scales are hard. (AC +7)
You cannot fit into any form of body armour.
You are resistant to electric shocks. (rElec)
You are cold-blooded and may be slowed by cold attacks.


Message History

You slash the large abomination, but do no damage.
The large abomination is moderately damaged.
The large abomination hits you!!
You slash the large abomination!
Your tail-slap misses the large abomination.
The large abomination is severely damaged.
The large abomination hits you!!
* * * LOW HITPOINT WARNING * * *
Okay, then.
Okay, then.
You slash the large abomination!
The large abomination is almost destroyed.
Your transformation is almost over.
The large abomination misses you.
You hit the large abomination but do no damage.
The large abomination is almost destroyed.
You hit the large abomination but do no damage.
The large abomination is almost destroyed.
The large abomination hits you!!!
You die...

### .. # #.
. #. #.## #
. ## .. #@#
..# .#
#.#X# ..###
#..
#..##..#..#
###..
####...#
....####.#.
..#
#.#....#
.#.## ##
....###. #
# . ... .
.## . ..###
# #


You could see a large abomination.

Vanquished Creatures
  An unseen horror (D:10)
  Joseph (D:8)
  Psyche (D:8)
  3 smoke demons (Abyss:1)
  2 hornets
  8 yaks
  A ynoxinul (Abyss:1)
  3 soldier ants
  5 orc warriors
  4 porcupines (D:9)
  A sky beast (D:6)
  4 ice beasts
  2 black bears (D:10)
  6 phantoms
  A necrophage (D:5)
  5 centaurs
  2 ogres
  2 crocodiles (D:9)
  Blork the orc (D:6)
  A big kobold (D:9)
  7 bullfrogs
  2 water moccasin zombies
  2 scorpions
  13 wights
  2 small abominations (Abyss:1)
  2 crimson imps
  2 bullfrog zombies
  A centaur zombie (D:5)
  A quasit (D:9)
  4 hounds
  10 orc wizards
  9 orc priests
  3 jellies
  3 iguanas
  7 worker ants
  A killer bee zombie (D:8)
  A hound zombie (D:5)
  A mummy (D:9)
  A worker ant zombie (D:8)
  11 adders
  4 gnolls (D:6)
  2 oozes
  An adder zombie (D:6)
  A worm (D:3)
  2 dart slugs
  3 leopard geckos
  57 orcs
  3 giant cockroaches
  12 goblins
  8 hobgoblins
  14 jackals
  17 kobolds
  2 quokkas
  A ball python (D:7)
  2 bats
  2 frilled lizards (D:2)
  A jackal skeleton (D:7)
  A leopard gecko zombie (D:7)
  11 rats
281 creatures vanquished.

Vanquished Creatures (collateral kills)
  A yak (D:10)
  Robin (D:3)
  A shadow imp (D:10)
  3 orcs (D:10)
  A goblin (D:3)
  A hobgoblin (D:3)
8 creatures vanquished.

Vanquished Creatures (others)
  A bush (D:9)
  5 fungi (D:9)
  13 plants (D:9)
19 creatures vanquished.

Grand Total: 308 creatures vanquished

Notes
Turn   | Place    | Note
-------+----------+-------------------------------------------
     0 | D:1      | DogServant the Draconian Transmuter began the quest for the
                  | Orb.
     0 | D:1      | Reached XP level 1. HP: 16/16 MP: 3/3
   405 | D:1      | Reached XP level 2. HP: 23/23 MP: 3/5
   999 | D:2      | Found an ornate altar of the Wu Jian Council.
  1001 | D:2      | Found an ancient bone altar of Kikubaaqudgha.
  1300 | D:2      | Reached XP level 3. HP: 27/28 MP: 4/6
  1710 | D:2      | Reached skill level 4 in Unarmed Combat
  2166 | D:3      | Reached XP level 4. HP: 34/35 MP: 5/7
  2246 | D:3      | Learned a level 2 spell: Sticks to Snakes
  2250 | D:3      | Learned a level 3 spell: Spider Form
  3179 | D:3      | Noticed Robin
  3217 | D:3      | Reached XP level 5. HP: 24/40 MP: 0/8
  3227 | D:3      | Killed Robin
  3592 | D:4      | Found a staircase to the Ecumenical Temple.
  3599 | D:4      | Noticed a phantom
  3932 | D:3      | Killed a phantom
  3932 | D:3      | Reached skill level 5 in Unarmed Combat
  4173 | D:4      | Reached XP level 6. HP: 24/48 MP: 9/9
  4187 | Temple   | Entered the Ecumenical Temple
  4510 | Temple   | Became a worshipper of Makhleb the Destroyer
  5118 | D:4      | Noticed a fire elemental
  5120 | D:4      | Found a stormy altar of Qazlal.
  5121 | D:4      | Noticed a water elemental
  5121 | D:4      | Noticed an air elemental
  5341 | D:4      | Noticed an orc warrior
  5355 | D:4      | Found a hazy altar of Hepliaklqana.
  5611 | D:4      | Your scales start taking on a glossy black colour.
  5611 | D:4      | Reached XP level 7. HP: 19/57 MP: 10/10
  5611 | D:4      | Gained mutation: You are resistant to electric shocks.
                  | (rElec) [Black Draconian growth]
  5929 | D:4      | Found a sparkling altar of Nemelex Xobeh.
  6055 | D:4      | Reached skill level 5 in Transmutations
  6059 | D:4      | Reached skill level 6 in Unarmed Combat
  6532 | D:5      | Entered Level 5 of the Dungeon
  7454 | D:5      | Reached XP level 8. HP: 63/63 MP: 11/11
  7950 | D:5      | Reached * piety under Makhleb
  7955 | D:5      | You fall into a shaft and drop 1 floor!
  8302 | D:6      | Learned a level 5 spell: Blade Hands
  8373 | D:6      | HP: 2/63 [orc warrior/+0 flail (20)]
  8635 | D:6      | Noticed Blork the orc
  8642 | D:6      | Killed Blork the orc
  8858 | D:6      | Reached XP level 9. HP: 70/71 MP: 12/12
  9150 | D:6      | Found Vel Zuwk's Antique Weapon Shoppe.
  9568 | D:7      | Reached skill level 7 in Unarmed Combat
  9722 | D:7      | Reached skill level 5 in Fighting
 10202 | D:7      | Found a bloodstained altar of Trog.
 10266 | D:8      | Noticed Psyche
 10273 | D:8      | Reached ** piety under Makhleb
 10281 | D:8      | Killed Psyche
 10281 | D:8      | Reached skill level 1 in Invocations
 10329 | D:8      | Reached skill level 8 in Unarmed Combat
 10581 | D:8      | Noticed Joseph
 10593 | D:8      | Killed Joseph
 10593 | D:8      | Reached skill level 5 in Dodging
 11333 | D:9      | Reached XP level 10. HP: 22/84 MP: 10/13
 11448 | D:9      | Reached skill level 9 in Unarmed Combat
 11799 | D:9      | Found a staircase to the Lair.
 12161 | D:9      | Identified the +8 dire flail of Hubris {vorpal, rN+}
 12165 | D:9      | Identified the +6 rapier of Putrescence {freeze, rPois
                  | Str+4}
 12165 | D:9      | Noticed a tengu warrior
 12167 | D:9      | Noticed a moth of wrath
 12175 | D:9      | Reached *** piety under Makhleb
 12175 | D:9      | Reached skill level 10 in Unarmed Combat
 12175 | D:9      | Reached skill level 5 in Invocations
 12188 | D:9      | Noticed a two-headed ogre
 12191 | D:9      | Noticed Quickbrownfox's ghost (novice DsIE)
 12243 | D:9      | Found a bloodstained altar of Trog.
 12247 | D:9      | Found a transporter.
 12259 | D:9      | Noticed a two-headed ogre
 12293 | D:9      | Found a snail-covered altar of Cheibriados.
 12510 | D:9      | Found a transporter.
 12898 | D:10     | Entered Level 10 of the Dungeon
 12898 | D:10     | Found Dowke's Assorted Antiques.
 12937 | D:10     | Found a staircase to the Orcish Mines.
 12995 | D:10     | Reached XP level 11. HP: 28/94 MP: 1/16
 13056 | D:10     | Reached **** piety under Makhleb
 13093 | D:10     | Killed an unseen horror
 13117 | D:10     | Cast into level 1 of the Abyss (orc)
 13339 | Abyss:1  | Noticed a lich
 13369 | Abyss:1  | Annihilated by a large abomination

Illustrated notes

Levels and vault maps discovered:
D:1:      minmay_arrival_checkered_box, layout_basic, minmay_misc_feat_cross,
          serial_bayou_ford_a, corexii_leaking_fountain, minivault_24,
          minmay_door_square
D:2:      layout_basic, nicolae_overflow_hidden_temple
D:3:      layout_basic, first_ration, uniq_robin
D:4:      minmay_diamond_boxcup, layout_cave_pods,
          nicolae_qazlal_style_of_elements, lemuel_doored_altar,
          minmay_temple_entry_crystal_x, nemelex_spade_bored_becter
D:5:      wander_guarded_unrand_ratskin, layout_basic
D:6:      layout_basic, serial_shops, nicolae_shop_waterfront,
          uniq_blork_the_orc
D:7:      layout_layer_cave, lightli_temple_of_fire, minmay_manual_mares
D:8:      layout_gridville, uniq_psyche, uniq_joseph
D:9:      layout_cave_pools, slow_altar_1, minmay_lair_entry_grove,
          gammafunk_ghost_wrathful_warriors, hangedman_pestilent_swarm
D:10:     layout_cross, hiddenorc2_lemuel, serial_shops, shop
Temple:   regret_index_temple_sphere_string
Abyss:1:  base:
D:1

Skill      XL: |  1  2  3  4  5  6  7  8  9 10 11 |
---------------+----------------------------------+-----
Dodging        | 2 3 5 6 7 |  7.4
Unarmed Combat | 4 5 6 8 10 | 10.0
Transmutations | 3 4 7 9 |  9.0
Fighting       | 2 3 4 6 8 |  8.8
Invocations    | 3 6 |  6.9
Spellcasting   | 3 4 |  4.0

Action                   |  1- 3 |  4- 6 |  7- 9 | 10-12 || total
-------------------------+-------+-------+-------+-------++-------
Melee: Unarmed           |   102 |   244 |   317 |   221 ||   884
       Headbutt          |     5 |    18 |     9 |     5 ||    37
       Kick              |     8 |    19 |       |       ||    27
       Tailslap          |     9 |    26 |    23 |     9 ||    67
       Punch             |     1 |     6 |     5 |     6 ||    18
Throw: Boomerang         |       |    27 |    16 |       ||    43
 Cast: Beastly Appendage |    21 |    33 |    10 |     7 ||    71
       Sticks to Snakes  |       |     8 |       |       ||     8
       Spider Form       |       |       |     8 |       ||     8
       Blade Hands       |       |       |    18 |    16 ||    34
Invok: Lesser Servant of |       |       |       |     2 ||     2
 Abil: Breathe Lightning |       |       |     4 |     6 ||    10
       End Transformatio |       |       |     1 |       ||     1
Evoke: Wand              |       |       |       |     2 ||     2
  Use: Scroll            |       |     8 |     5 |     5 ||    18
       Potion            |       |       |     3 |     1 ||     4
 Stab: Sleeping          |       |     1 |     1 |     1 ||     3
       Distracted        |       |     1 |     1 |     1 ||     3
  Eat: Chunk             |     4 |     9 |    12 |     8 ||    33
       Ration            |       |     1 |     4 |     3 ||     8
Armor: Skin              |    37 |    70 |   101 |    90 ||   298
Dodge: Dodged            |    67 |   145 |   280 |   172 ||   664
